[Event "*** Titled Tuesday Blitz"]
[Site "Chess.com"]
[Date "2021.02.09"]
[Round "6"]
[White "AlexTriapishko"]
[Black "Vugar_Manafov"]
[Result "1-0"]
[WhiteElo "2856"]
[BlackElo "2651"]
[TimeControl "180+1"]
[EndTime "11:09:22 PST"]
[Termination "AlexTriapishko won by resignation"]

1. d4 Nf6 2. c4 e6 3. Nf3 Bb4+ 4. Bd2 a5 5. Qc2 O-O 6. e4 d6 7.
Nc3 Nbd7 8. a3 Bxc3 9. Bxc3 e5 10. Be2 Qe7 11. O-O exd4 12. Nxd4 Qxe4 13. Bd3 Qe8 14.
Rfe1 Qd8 15. Nf5 Ne5 16. Nxg7 Kxg7 17. f4 Ng6 18. Re3 Rg8 19. Rae1 Nxf4 20. Rf1 Nh5 21.
Qf2 Be6 22. Rf3 Kh8 23. Rxf6 Rg7 24. Rh6 Qg5 25. Rxh7+ Kg8 26. Bxg7 Nxg7 27. Qh4 Qxh4 28. Rxh4 Re8 29. h3 Bd7 30. Re4 Rxe4 31. Bxe4 c6 32. Rd1 Ne8 33. b4 axb4 34. axb4 Kf8 35. Kf2 Ke7 36. Ke3 Nf6 37. Bf3 Be6 38. Kd4 Nd7 39.
c5 Ne5 40. cxd6+ Kxd6 41. h4 Bb3 42. Rg1 f6 43. h5 Nf7 44. Rh1 Nh6 45. Rh4 b6 46.
Kc3 Be6 47. Rd4+ Kc7 48. Rf4 Ng8 49. h6 Nxh6 50. Rxf6 Nf7 51. Rxe6 Nd8 52. Re3 Kd6 53. Rd3+ Kc7 54. Rxd8 Kxd8 55. Bxc6 Ke7 56. Kc4 Kf6 57. Kb5 Ke5 58. Kxb6 1-0

[Event "*** Titled Tuesday Blitz"]
[Site "Chess.com"]
[Date "2021.02.09"]
[Round "6"]
[White "Aslanov_Umid"]
[Black "L1m96"]
[Result "0-1"]
[WhiteElo "2357"]
[BlackElo "2551"]
[TimeControl "180+1"]
[EndTime "11:09:24 PST"]
[Termination "L1m96 won on time"]

1. e4 e5 2. Nf3 Nc6 3. Bc4 Nf6 4. O-O Nxe4 5. Re1 d5 6. Bb5 Bc5 7. d4 exd4 8. Nbd2 O-O 9. Nxe4 dxe4 10. Rxe4 h6 11.
Bf4 Bb6 12. Qd2 Qd5 13. Bxc6 Qxc6 14. Rae1 Bf5 15. Nxd4 Qxe4 16. Rxe4 Bxe4 17. Qe2 Bxd4 18. c3 Rfe8 19. cxd4 Bxg2 20. Qg4 Bd5 21. Be3 Re6 22.
Qf4 c6 23. Qc7 b5 24. Qb7 Ree8 25. a3 a5 26. h4 a4 27. Qc7 Rac8 28. Qg3 Re6 29. h5 Rce8 30. Kf1 Rf6 31. Ke1 Ree6 32. Kd2 Rf5 33. Qh3 Be4 34. Kc3 Ref6 35. Kb4 Bf3 36. b3 axb3 37. Kxb3 Rxh5 38. Qg3 Bd5+ 39. Kb4 Rhf5 40. a4 bxa4 41. Kxa4 Kh7 42. Kb4 Rg6 43. Qh2 Re6 44. Qb8 Be4 45. Kc3 Rb5 46. Qc8 Rf5 47.
Qc7 Bd5 48. Kb4 Rf3 49. Kc5 Rg6 50. Qd8 Rf5 51. Kb6 Bf3 52. Qh4 Rb5+ 53. Kc7 Rh5 54. Qe7 Bd5 0-1

[Event "*** Titled Tuesday Blitz"]
[Site "Chess.com"]
[Date "2021.02.09"]
[Round "6"]
[White "Dii210"]
[Black "GP9isback23"]
[Result "1-0"]
[WhiteElo "2323"]
[BlackElo "2514"]
[TimeControl "180+1"]
[EndTime "11:09:26 PST"]
[Termination "Dii210 won by checkmate"]

1. e4 c5 2. Nf3 e6 3. d4 cxd4 4. Nxd4 Nf6 5. Nc3 Nc6 6. Ndb5 Bb4 7. a3 Bxc3+ 8. Nxc3 d5 9. exd5 exd5 10. Bd3 O-O 11. O-O d4 12. Ne4 Bf5 13. Nxf6+ Qxf6 14. Re1 Rfe8 15.
Bxf5 Qxf5 16. Bd2 Rad8 17. g3 h6 18. Rxe8+ Rxe8 19. Bf4 g5 20. Bd6 Rd8 21. Bb4 d3 22.
cxd3 Rxd3 23. Qe2 Nxb4 24. axb4 a6 25. Re1 Rf3 26. Rd1 Kg7 27. Rd8 g4 28. Rb8 Rd3 29. Rxb7 Qd5 30. Qxg4+ Kh7 31. f4 Rd1+ 32. Kf2 Rd2+ 33.
Ke1 Rd4 34. Re7 Re4+ 35. Rxe4 Qxe4+ 36. Kf2 Qd4+ 37. Kg2 Qe4+ 38. Kh3 Qxb4 39. Qf5+ Kg7 40. Qe5+ Kg8 41. Kg4 Qb6 42. h4 a5 43. Qe8+ Kg7 44.
Qe5+ Kg8 45. h5 a4 46. Kf5 Qc6 47. Kg4 Qd7+ 48. Kf3 Qc6+ 49. Kg4 Qd7+ 50. Kh4 Qc6 51. g4 Qd7 52. g5 hxg5+ 53. Kxg5 Qd8+ 54. Qf6 Qd5+ 55. Kh6 Kf8 56. f5 Qd2+ 57. Kh7 Qh2 58. Qd8# 1-0

[Event "*** Titled Tuesday Blitz"]
[Site "Chess.com"]
[Date "2021.02.09"]
[Round "6"]
[White "JoliyRoger"]
[Black "tan275"]
[Result "1-0"]
[WhiteElo "2419"]
[BlackElo "2241"]
[TimeControl "180+1"]
[EndTime "11:09:30 PST"]
[Termination "JoliyRoger won by resignation"]

1. d4 Nf6 2. c4 e6 3. Nf3 Bb4+ 4. Bd2 Bxd2+ 5. Qxd2 O-O 6. Nc3 d5 7. cxd5 exd5 8. Qc2 Re8 9. e3 Ne4 10. Bd3 Bf5 11. O-O Nc6 12. a3 Bg6 13. Rac1 Na5 14.
Ne5 Nxc3 15. Bxg6 hxg6 16. Qxc3 c5 17. dxc5 Rc8 18. b4 Nc6 19. Nxc6 bxc6 20. Rfd1 Qg5 21. Rd4 Qf6 22. Qd3 Rb8 23. Qa6 Re7 24. h3 Rd8 25. Rcd1 Kh7 26. Qe2 Re4 27. Qf3 Qxf3 28. gxf3 Rxd4 29.
Rxd4 Rb8 30. e4 dxe4 31. fxe4 a5 32. f4 axb4 33. axb4 Ra8 34. Kf2 Ra3 35. Kg2 Rc3 36. e5 Rb3 37. Rc4 Kh6 38. Rd4 Kh5 39. Rd6 Rxb4 40.
Rxc6 Rxf4 41. Rc7 Rc4 42. c6 Kg5 43. Kg3 Rc3+ 44. Kg2 Kf4 45. Rxf7+ Kxe5 46. c7 Ke6 47. Rxg7 Kf6 48. Rh7 Rc2+ 49. Kf3 Rc4 50. Ke3 Kf5 51. Kd3 Rc6 52. Kd4 Kf4 53. Kd5 Rc1 54. Kd6 Kg3 55. Kd7 Rd1+ 56. Ke8 Re1+ 57. Kd8 Rd1+ 58.
Rd7 Rc1 59. Rd3+ Kh4 60. c8=Q Rxc8+ 61. Kxc8 g5 62. Kd7 1-0

[Event "*** Titled Tuesday Blitz"]
[Site "Chess.com"]
[Date "2021.02.09"]
[Round "6"]
[White "federicosellitti"]
[Black "Legendinunknown"]
[Result "1/2-1/2"]
[WhiteElo "2462"]
[BlackElo "2604"]
[TimeControl "180+1"]
[EndTime "11:09:33 PST"]
[Termination "Game drawn - insufficient material"]

1. e4 c5 2. Nc3 Nc6 3. g3 g6 4.
Bg2 Bg7 5. d3 d6 6. Be3 Nf6 7.
h3 O-O 8. Qd2 e6 9. Bh6 d5 10.
Bxg7 Kxg7 11. exd5 exd5 12. Nge2 d4 13. Ne4 Nxe4 14. Bxe4 Re8 15. O-O-O Be6 16. h4 h5 17. Nf4 Qa5 18. Bxc6 Qxa2 19. Nxh5+ gxh5 20. Qg5+ Kf8 21. Bxe8 Qa1+ 22. Kd2 Qa5+ 23. Ke2 Rxe8 24. Kf1 Bg4 25. Kg2 Bxd1 26. Rxd1 Re6 27. Qxh5 Qb5 28. b3 a5 29. Qf3 b6 30. h5 a4 31. bxa4 Qxa4 32. Rd2 Qa1 33. Re2 Rxe2 34. Qxe2 Qc1 35. Qe4 b5 36. Qc6 Qxc2 37. h6 Qxd3 38. Qxc5+ Ke8 39.
Qe5+ Kd7 40. Qf6 Qe4+ 41. Kh2 d3 42. Qxf7+ Kc6 43. h7 Qd4 44. Qg6+ Kc5 45. Qf5+ Kb6 46. Qf4 Qxf4 47. gxf4 d2 48. h8=Q d1=Q 49. Qe5 b4 50. Qe3+ Kb5 51. f5 b3 52. Qe5+ Kc4 53. Qc7+ Kd3 54.
Qd7+ Ke2 55. Qxd1+ Kxd1 56. f6 b2 57. f7 b1=Q 58.
f8=Q Qh7+ 59. Kg3 Qg6+ 60. Kf4 Ke2 61. Qf5 Qxf5+ 62. Kxf5 Kxf2 1/2-1/2

[Event "*** Titled Tuesday Blitz"]
[Site "Chess.com"]
[Date "2021.02.09"]
[Round "6"]
[White "IwkooO"]
[Black "capatl"]
[Result "0-1"]
[WhiteElo "2731"]
[BlackElo "2507"]
[TimeControl "180+1"]
[EndTime "11:09:35 PST"]
[Termination "capatl won by resignation"]

1. e4 c5 2. Nc3 e6 3. Nge2 a6 4. g3 b5 5. Bg2 Bb7 6. O-O b4 7.
Na4 Nf6 8. d3 Bc6 9. b3 Bxa4 10.
bxa4 d5 11. exd5 Nxd5 12. Nf4 Nc3 13. Qd2 Ra7 14. Bb2 Qa5 15. a3 Nxa4 16. axb4 cxb4 17. Rfe1 Qb5 18. Re5 Qd7 19. Rxa4 Qxa4 20. Qe3 Qd7 21. Rd5 Qe7 22. Ra5 Rc7 23. Be5 Rc8 24. Bxb8 Rxb8 25.
Bc6+ Kd8 26. Qd4+ Qd6 27. Qa7 Qc7 28. Qxa6 Bd6 29. Ne2 Rb6 30. Qa8+ Rb8 31. Qa6 Rb6 32. Qc4 Rxc6 33. Ra8+ Kd7 34. Qa2 Rxa8 35. Qxa8 Qb8 36. Qa4 Qb6 37. Qa1 f6 38. Qa2 Ke7 39. Qa1 Be5 40. Qa2 b3 41. cxb3 Bd6 42. d4 Qa6 43. Qd2 Qa1+ 44. Kg2 Qa8 45. Kh3 Qc8 46. Qe3 e5+ 47.
Kg2 Ra6 48. Qe4 Qc6 49. d5 Qb5 50. Qxh7 Qxe2 51. Qxg7+ Ke8 52. Qg8+ Bf8 53. Qg6+ Kd8 54. Qf7 Qe4+ 55. Kh3 Be7 56. Qg8+ Kd7 57. Qb8 Rd6 58. Qb7+ Ke8 59. Qc8+ Kf7 60. Qh8 Qxd5 61. Qh5+ Ke6 62. Qg4+ f5 63. Qg8+ Kd7 64. Qg6 Rxg6 0-1

[Event "*** Titled Tuesday Blitz"]
[Site "Chess.com"]
[Date "2021.02.09"]
[Round "6"]
[White "KuzubovYuriy"]
[Black "Misi_95"]
[Result "0-1"]
[WhiteElo "2813"]
[BlackElo "2661"]
[TimeControl "180+1"]
[EndTime "11:09:36 PST"]
[Termination "Misi_95 won on time"]

1. d4 Nf6 2. Nf3 g6 3. Nbd2 d5 4. e3 Bg7 5. b4 O-O 6. Bb2 a5 7. b5 a4 8. c4 c6 9. Ba3 Be6 10. Rb1 Nbd7 11. Be2 dxc4 12. Bxc4 Bxc4 13. Nxc4 Nd5 14. Qd3 N7b6 15. Nxb6 Qxb6 16. O-O cxb5 17. Qxb5 Qxb5 18. Rxb5 Nc3 19. Rb2 Bf6 20. Rc1 Ne4 21.
Kf1 Rfc8 22. Rbc2 Rxc2 23. Rxc2 b5 24. Ke2 Rb8 25. Bb4 Nd6 26. Nd2 Kf8 27. Kd3 Ke8 28. e4 Bg5 29. Nf3 Bh6 30. Ne5 Bg7 31. Nc6 Rc8 32.
Bxd6 exd6 33. Nb4 Rxc2 34. Nxc2 Kd7 35. Nb4 h5 36. g3 Bf6 37. f4 Bd8 38. h3 Ba5 39.
Nd5 f5 40. exf5 gxf5 41. Nf6+ Ke6 42. Nxh5 b4 43. Kc2 Kd5 44. Ng7 Ke4 45. h4 Bd8 46. h5 Bf6 47. Ne6 Kf3 48. h6 Kxg3 49. h7 Kf3 50. Nc7 Ke4 51. Ne8 Bxd4 52. Nxd6+ Kxf4 53. Nf7 Ke3 54. Nh6 Ke4 55. Nf7 f4 56. Ng5+ Ke3 57.
Ne6 Be5 58. Kd1 f3 59. Nc5 f2 0-1

[Event "*** Titled Tuesday Blitz"]
[Site "Chess.com"]
[Date "2021.02.09"]
[Round "6"]
[White "Beca95"]
[Black "DanielDardha2005"]
[Result "1-0"]
[WhiteElo "2906"]
[BlackElo "2703"]
[TimeControl "180+1"]
[EndTime "11:09:38 PST"]
[Termination "Beca95 won by resignation"]

1. d4 Nf6 2. c4 c5 3. d5 a6 4. a4 e5 5. Nc3 d6 6. e4 a5 7. h3 Na6 8. g4 Nb4 9. f4 exf4 10.
Bxf4 Nd7 11. Nf3 f6 12. Qe2 Ne5 13. O-O-O Bd7 14. Qg2 Qb6 15. Nb5 O-O-O 16. Ne1 g6 17. Nc2 h5 18. Be2 Bxb5 19. cxb5 Bh6 20. Bxh6 Rxh6 21. Ne3 hxg4 22. hxg4 Rdh8 23. Rxh6 Rxh6 24. Kb1 Qd8 25. g5 fxg5 26. Ng4 Nxg4 27. Bxg4+ Kb8 28. e5 dxe5 29. d6 c4 30. Qe4 Nd3 31. Bf3 Rh7 32. Qxc4 Nb4 33. Qc5 Qf6 34. Be4 Rd7 35. b6 Qd8 36. Qc7+ Rxc7 37. dxc7+ Qxc7 38. bxc7+ Kxc7 39. Rg1 b5 40. axb5 Kb6 41. Rxg5 Kxb5 42. Rxe5+ Kc4 43. Bxg6 a4 44. Bf7+ Kd4 45. Rh5 Nd3 46. Rh4+ Kc5 47. Rxa4 Ne5 48. Bb3 Kb5 49. Re4 Nf3 50. Kc2 Kb6 51.
Kc3 Ng5 52. Re5 Nf3 53. Rf5 Nh4 54. Rf6+ Kc5 55. Bc2 Ng2 56. Be4 Ne3 57. Kd3 Ng4 58.
Rf5+ Kd6 59. Kd4 Ke6 60. b4 Nh6 61. Rg5 Nf7 62. Bd5+ 1-0

[Event "*** Titled Tuesday Blitz"]
[Site "Chess.com"]
[Date "2021.02.09"]
[Round "6"]
[White "juli2512"]
[Black "Azde"]
[Result "1/2-1/2"]
[WhiteElo "2181"]
[BlackElo "2350"]
[TimeControl "180+1"]
[EndTime "11:09:40 PST"]
[Termination "Game drawn by repetition"]

1. e4 c6 2. d3 d5 3. Nd2 e5 4. g3 Bd6 5. Bg2 Ne7 6. Ngf3 O-O 7. O-O f5 8. Re1 fxe4 9. dxe4 Bg4 10. h3 Bxf3 11.
Bxf3 Nd7 12. Bg2 Nf6 13. exd5 cxd5 14. Nb3 a5 15. a4 Rc8 16. Bd2 b6 17. Bg5 e4 18. Qd2 Qc7 19. c3 h6 20. Be3 Nf5 21. Nd4 Nxd4 22. Bxd4 Qc6 23. Red1 Bc5 24. Bf1 Bxd4 25.
Qxd4 Qe6 26. Re1 Qf5 27. Qxb6 Rb8 28. Qe3 Rxb2 29. Re2 Rxe2 30. Qxe2 Nd7 31. Rd1 Ne5 32. Bg2 Nf3+ 33. Bxf3 exf3 34. Qf1 Kh8 35. Kh2 Re8 36. Qd3 Qf6 37. Qxd5 Qxc3 38. Rd2 Qa3 39. Qd7 Rf8 40. h4 Qc3 41. Qd4 Qa3 42. Qd6 Qxd6 43. Rxd6 Re8 44.
g4 Re4 45. Kg3 Rxa4 46. Kxf3 Kh7 47. h5 Ra3+ 48. Kg2 Ra2 49. Kg3 a4 50. Ra6 a3 51. f3 Ra1 52. Kf4 a2 53. Kf5 Rf1 54. Rxa2 Rxf3+ 55. Ke4 Rf6 56. Ra4 Rf7 57. Ke5 Re7+ 58.
Kf5 Rb7 59. Re4 Rb5+ 60. Kf4 Rg5 61. Kf3 Rc5 62. Kf4 g5+ 63. hxg6+ Kxg6 64. Re6+ Kg7 65.
Rd6 Rb5 66. Kf3 Rc5 67. Kf4 Rb5 68. Kf3 Rc5 69. Kf4 1/2-1/2

[Event "*** Titled Tuesday Blitz"]
[Site "Chess.com"]
[Date "2021.02.09"]
[Round "6"]
[White "erdni1993"]
[Black "FlySooHigh"]
[Result "0-1"]
[WhiteElo "2428"]
[BlackElo "2586"]
[TimeControl "180+1"]
[EndTime "11:09:42 PST"]
[Termination "FlySooHigh won by resignation"]

1. d4 Nf6 2. c4 c5 3. Nf3 cxd4 4. Nxd4 e5 5. Nb3 d5 6. cxd5 Qxd5 7. Qxd5 Nxd5 8. a3 Bf5 9. N1d2 Bc2 10. e4 Nf6 11. f3 Nc6 12. Bc4 Nd7 13. Nf1 Nb6 14. Ne3 Nxc4 15. Nxc2 O-O-O 16. Nd2 N6a5 17. Nxc4 Nxc4 18.
Ke2 Be7 19. b3 Na5 20. Rb1 b6 21. Be3 Kb7 22. Rhc1 Rc8 23. Bd2 Nc6 24. Bc3 f6 25. b4 Rhd8 26. Ne3 Bf8 27. Rd1 Ne7 28. Rxd8 Rxd8 29. Rc1 Rc8 30. Rc2 Rc7 31. g4 a6 32.
h4 Ng6 33. Nd5 Rc8 34. h5 Ne7 35. Ne3 g6 36. Bb2 Bh6 37. Rxc8 Kxc8 38. Nc4 Kc7 39. Bc3 Kc6 40. Bd2 Bxd2 41. Nxd2 a5 42. Kd3 Kb5 43. Kc3 Ka4 44. Nc4 axb4+ 45. axb4 Kb5 46. Nd6+ Kc6 47. Ne8 Ng8 48. Kc4 b5+ 49. Kd3 Kd7 50.
hxg6 hxg6 51. Ng7 Ke7 52. f4 exf4 53. e5 fxe5 54. Ke4 Kf7 55. Nh5 gxh5 56. gxh5 Nf6+ 57. Kf3 Nxh5 58. Ke4 Ke6 59. Kf3 Nf6 60. Kf2 Kf5 61. Ke2 e4 62. Kf2 Nd5 63. Ke2 Nxb4 64. Kf1 Ke5 65. Ke2 Kd4 66. Kd1 Nd5 67. Kc1 Nc3 68. Kb2 e3 0-1

[Event "*** Titled Tuesday Blitz"]
[Site "Chess.com"]
[Date "2021.02.09"]
[Round "6"]
[White "MillyNeuf"]
[Black "crazy_but_lazy"]
[Result "1/2-1/2"]
[WhiteElo "2320"]
[BlackElo "2502"]
[TimeControl "180+1"]
[EndTime "11:09:42 PST"]
[Termination "Game drawn by repetition"]

1. e4 e6 2. d4 d5 3. Nd2 h6 4. c3 Nf6 5. e5 Nfd7 6. Bd3 c5 7. Ne2 b6 8. O-O Ba6 9. Nf3 Qc8 10. Be3 Bxd3 11. Qxd3 Qa6 12. Qxa6 Nxa6 13. a3 Be7 14. Ne1 O-O-O 15. f4 g6 16. b4 Kb7 17. Rc1 Nc7 18. h3 c4 19. a4 b5 20. a5 Na6 21.
Nc2 Ndb8 22. Bd2 Nc6 23. g4 h5 24. g5 Rb8 25. Ra1 Rhc8 26. Rfb1 Bf8 27. h4 Ne7 28.
Ng3 Kc6 29. Kf2 Kd7 30. Kf3 Rc6 31. Kf2 Nc7 32. Kf3 Rd8 33. Kf2 Kc8 34. Kf3 Kb7 35.
Kf2 Bg7 36. Kf3 Na6 37. Kf2 Rd7 38. Kf3 Nc7 39. Kf2 Bf8 40. Kf3 Nf5 41. Nxf5 exf5 42. Be3 Na6 43. Bd2 Re6 44. Kf2 Rd8 45. Kf3 Nc7 46.
Kf2 Ra6 47. Be3 Ne6 48. Kf3 Kc6 49. Kf2 Kc7 50. Kf3 Rc6 51. Kf2 Kb7 52. Kf3 Rc7 53. Kf2 Kc6 54. Kf3 Rb8 55. Kf2 Be7 56. Kf3 Kd7 57.
Kf2 Rc6 58. Kf3 Nc7 59. Kf2 Ke6 60. Kf3 Na6 61. Bd2 Rbc8 62. Kf2 Nb8 63. Kf3 R6c7 64.
Kf2 Nc6 65. Kf3 a6 66. Be3 Rd7 67. Ke2 Ra8 68. Kf3 Bd8 69. Ke2 Bc7 70. Kf3 Rdd8 71. Ke2 Rdb8 72. Kf3 Rb7 73. Ke2 Bd8 74. Kf3 Rab8 75.
Ke2 Be7 76. Kf3 Bd8 77. Ke2 Bc7 78. Kf3 Ra7 79. Ke2 Rbb7 80. Kf2 Bd8 81. Kf3 Be7 82. Ke2 Ra8 83. Kf3 Rh8 84. Ke2 Bd8 85. Kf3 Bc7 86. Ke2 Bb8 87. Kf3 Ba7 88. Ke2 Rd7 89. Kf3 Nd8 90. Ke2 Nb7 91. Kf3 Rc8 92.
Ke2 Rdd8 93. Kf3 Rd7 94. Ke2 Rdd8 95. Kf3 Rc7 96. Ke2 Re7 97. Kf3 Bb8 98. Ke2 Bc7 99. Kf3 Ra8 100. Kf2 Ree8 101. Kf3 Bd8 102. Kf2 Be7 103. Kf3 Bf8 104. Kf2 Bg7 105. Kf3 Bh8 106. Kf2 Bg7 107.
Kf3 Bf8 108. Kf2 Be7 109. Kf3 Bd8 110. Kf2 Bc7 111. Kf3 Bb8 112. Kf2 Ba7 113. Kf3 Bb8 114. Kf2 Bc7 1/2-1/2

[Event "*** Titled Tuesday Blitz"]
[Site "Chess.com"]
[Date "2021.02.09"]
[Round "6"]
[White "juancruzarias"]
[Black "MatthewG-p4p"]
[Result "1/2-1/2"]
[WhiteElo "2636"]
[BlackElo "2817"]
[TimeControl "180+1"]
[EndTime "11:09:43 PST"]
[Termination "Game drawn by repetition"]

1. d4 Nf6 2. Bg5 Ne4 3. Bh4 c5 4. f3 Nf6 5. d5 Qb6 6. Bxf6 gxf6 7.
Qc1 f5 8. Nc3 Bg7 9. e3 d6 10.
Bb5+ Nd7 11. Bxd7+ Bxd7 12. Nge2 h5 13. O-O h4 14. Rb1 O-O-O 15. Nf4 Rdg8 16. Qd2 Be5 17.
Nce2 Bb5 18. Rfe1 Rh7 19. b3 Rhg7 20. c4 Bd7 21. Rf1 e6 22. Rf2 Qd8 23. b4 Qb6 24. a4 a5 25. b5 Qd8 26. b6 Qg5 27. Qxa5 Kd8 28. Rd1 Bxf4 29. exf4 Qe7 30. Qa8+ Bc8 31.
Qb8 Rg6 32. Nc3 e5 33. fxe5 Qxe5 34. Qc7+ Ke8 35. Qxc8+ Ke7 36. Qxb7+ Kf6 37. Ne2 Rxg2+ 38. Rxg2 Rxg2+ 39. Kxg2 Qxe2+ 40. Kg1 Qxd1+ 41. Kf2 Qd2+ 42. Kf1 Qd1+ 43. Kf2 Qd2+ 44. Kf1 h3 45. Qc7 Qd1+ 46.
Kf2 Qd2+ 47. Kf1 Qg2+ 48. Ke1 Qg1+ 49. Kd2 Qxh2+ 50. Kc3 Qe5+ 51. Kb3 h2 52. Qd8+ Qe7 53. Qh8+ Kg6 54. Qxh2 Qe3+ 55. Ka2 Qc3 56. Qxd6+ f6 57. Qh2 Qxc4+ 58. Kb1 Qb3+ 59. Qb2 Qd1+ 60. Ka2 Qxa4+ 61. Kb1 Qd1+ 62. Ka2 Qa4+ 63. Qa3 Qc2+ 64. Ka1 Qd1+ 65. Kb2 Qd2+ 66. Kb1 Qd1+ 67. Qc1 Qb3+ 68. Qb2 Qd1+ 69.
Ka2 Qa4+ 1/2-1/2

[Event "*** Titled Tuesday Blitz"]
[Site "Chess.com"]
[Date "2021.02.09"]
[Round "6"]
[White "Ave_Mariia"]
[Black "RobertoJBM"]
[Result "0-1"]
[WhiteElo "2486"]
[BlackElo "2718"]
[TimeControl "180+1"]
[EndTime "11:09:43 PST"]
[Termination "RobertoJBM won by resignation"]

1. d4 d5 2. c4 c6 3. Nf3 Nf6 4. Qc2 dxc4 5. Qxc4 Bf5 6. g3 Nbd7 7. Bg2 e6 8. O-O Be7 9. e3 O-O 10. Qe2 Ne4 11.
Nfd2 Nxd2 12. Nxd2 e5 13. e4 Be6 14. d5 cxd5 15.
exd5 Bf5 16. Nc4 Bf6 17. d6 Rb8 18. Be3 b5 19. Nd2 Qa5 20. Nb3 Qa4 21. Nc5 Nxc5 22. Bxc5 b4 23. b3 Qa5 24. Rac1 Rfd8 25. Rfd1 h6 26. Qf3 Bg6 27. d7 Qxa2 28. Bd6 e4 29.
Qg4 h5 30. Qf4 Rb7 31. Bc7 Rxc7 32. Qxc7 Qxb3 33. Qxa7 Kh7 34. Qb7 Qe6 35. Qc6 Qe7 36.
Qb5 e3 37. fxe3 Qxe3+ 38. Kh1 b3 39. Re1 Qd2 40. Rcd1 Qc2 41. Qe2 b2 42. Qxc2 Bxc2 43. Be4+ Bxe4+ 44. Rxe4 Rxd7 45. Rb1 Rc7 46. Ree1 Rc2 47.
Kg1 h4 48. gxh4 Bxh4 49. Rf1 Bf6 50. Kh1 Kg6 51. Rg1+ Kh5 52. Rg2 Rc1+ 53. Rg1 Rxb1 54. Rxb1 Kg4 55. Kg2 Kf4 56. Kf2 Ke4 57. Ke2 Bc3 58.
Rf1 f5 59. Rg1 f4 60. Rb1 f3+ 61. Kf2 Bd4+ 62. Kg3 f2 63. Kg2 Kd3 64. h4 Kc2 65. Rxb2+ Kxb2 66. h5 Kc2 0-1

[Event "*** Titled Tuesday Blitz"]
[Site "Chess.com"]
[Date "2021.02.09"]
[Round "6"]
[White "DanilNajdin"]
[Black "Fusikk"]
[Result "0-1"]
[WhiteElo "2469"]
[BlackElo "2631"]
[TimeControl "180+1"]
[EndTime "11:09:44 PST"]
[Termination "Fusikk won on time"]

1. e4 c6 2. d4 d5 3. exd5 cxd5 4. Bd3 Nc6 5. c3 Qc7 6. Ne2 Bg4 7. f3 Bd7 8. Bf4 Qb6 9. Qb3 e6 10. Qxb6 axb6 11.
Bc7 Na5 12. Nd2 b5 13. Bxa5 Rxa5 14. a3 Bd6 15. g3 h5 16. Kf2 g5 17. f4 g4 18. h4 Nh6 19. Rhe1 Kf8 20. Nc1 Kg7 21. Na2 Re8 22. Nb4 Raa8 23. Nc2 f6 24. Ne3 Bc6 25. Kg2 e5 26. fxe5 fxe5 27. Nf5+ Nxf5 28.
Bxf5 e4 29. Nf1 Bf8 30. Ne3 Re7 31. Rf1 Rae8 32. Rf2 Rd8 33. Raf1 Be8 34. Kh2 Bf7 35. Kg2 Kg8 36. Kh2 Bh6 37. Re2 Kg7 38. Kg2 Rf8 39.
Bxg4 Bxe3 40. Rxe3 hxg4 41. Rf4 Be6 42. Re2 Rxf4 43.
gxf4 Rf7 44. Kg3 Kh6 45. Re3 Kh5 46. Re2 Kg6 47. Re3 Kf5 48. Re2 Rh7 49. Re3 Bf7 50. Re2 Bh5 51. Re3 Rh8 52. Re2 Rc8 53. Re3 Rc6 54. Re2 b4 55. axb4 Ra6 56. b3 Ra3 57. Rb2 b5 58. Rb1 e3 59. Kg2 Kxf4 60. Rf1+ Ke4 61. Rf8 Ra2+ 62. Kg3 e2 63. Kf2 g3+ 0-1

[Event "*** Titled Tuesday Blitz"]
[Site "Chess.com"]
[Date "2021.02.09"]
[Round "6"]
[White "Sergienko_Sergey"]
[Black "Gulkov_Igor"]
[Result "1/2-1/2"]
[WhiteElo "2386"]
[BlackElo "2498"]
[TimeControl "180+1"]
[EndTime "11:09:44 PST"]
[Termination "Game drawn by repetition"]

1. e4 c5 2. Nf3 d6 3. d4 cxd4 4.
Nxd4 Nf6 5. Nc3 a6 6. Bg5 e6 7. Qf3 h6 8. Bd2 Nbd7 9. O-O-O Qc7 10. Qg3 b5 11. a3 Bb7 12. Bd3 Nc5 13. Rhe1 Rc8 14.
Kb1 Nxd3 15. cxd3 Qb6 16. Be3 Qd8 17. f4 Rxc3 18. bxc3 Qa5 19. Bc1 Nd7 20. Nb3 Qa4 21. Nd4 e5 22. Nc2 Nc5 23. Nb4 Qb3+ 24. Ka1 Na4 25. Qf2 Nxc3 26. Qb2 Qxb2+ 27. Bxb2 Nxd1 28. Rxd1 a5 29. Nd5 Bxd5 30. exd5 Kd7 31. Rc1 Be7 32.
fxe5 dxe5 33. Bxe5 Bxa3 34. Rc6 Rc8 35. Ra6 Bb4 36.
Ra7+ Ke8 37. Bxg7 Bc3+ 38. Bxc3 Rxc3 39. Rxa5 Rxd3 40. Rxb5 Rd1+ 41. Kb2 Kd7 42. Kc3 Rg1 43. Rb7+ Kd6 44. Kc4 Rc1+ 45. Kd4 Rd1+ 46. Ke4 Re1+ 47. Kf5 Re2 48. Rxf7 Kxd5 49. Rf6 Rxg2 50. Rxh6 Rf2+ 51. Kg6 Ke6 52. h4 Rg2+ 53. Kh5+ Kf7 54. Ra6 Rc2 55. Kg5 Rc5+ 56. Kg4 Rc4+ 57. Kg5 Rc5+ 58. Kg4 Rc4+ 59. Kg5 Rc5+ 1/2-1/2

[Event "*** Titled Tuesday Blitz"]
[Site "Chess.com"]
[Date "2021.02.09"]
[Round "6"]
[White "rasmussvane"]
[Black "Jospem"]
[Result "1-0"]
[WhiteElo "2904"]
[BlackElo "3043"]
[TimeControl "180+1"]
[EndTime "11:09:45 PST"]
[Termination "rasmussvane won by resignation"]

1. Nf3 c5 2. c4 Nc6 3. Nc3 g6 4.
e3 Bg7 5. d4 d6 6. Be2 Nf6 7. d5 Nb4 8. e4 O-O 9. h3 e5 10. Be3 Nh5 11. a3 Na6 12. Nd2 Nf4 13. Bf1 Nh5 14. g3 Bd7 15. Be2 Nf6 16. g4 Nc7 17. h4 a6 18. a4 Qc8 19. Rg1 Rb8 20. a5 b5 21. axb6 Rxb6 22. b3 Rb8 23. h5 h6 24. g5 hxg5 25. Bxg5 Qe8 26. Qc2 Nh7 27.
Bh4 Kh8 28. Qd3 Bh6 29. Qf3 g5 30. Bg3 g4 31. Qd3 Ng5 32. Kd1 Nh3 33. Rf1 Nf4 34. Qc2 Rg8 35. Kc1 Qc8 36. Kb2 Qb7 37. Ka2 a5 38.
Rab1 Na6 39. Qd1 Nb4+ 40. Ka1 Qa6 41. Na4 Nxe2 42. Qxe2 Nc2+ 43. Ka2 Nd4 44. Qd3 Rb4 45. f4 gxf3 46. Rxf3 Bxa4 47. bxa4 Rxa4+ 48. Kb2 Rb4+ 49. Kc1 Nxf3 50. Qxf3 Bg5 51. h6 Qb7 52. Rxb4 Qxb4 53.
Be1 Bxh6 54. Qxf7 Qc3+ 55. Kd1 Qe3 56. Qf6+ Kh7 57. Qf5+ Rg6 58. Qd7+ Bg7 59. Qf5 Qh6 60. Nf3 Qf4 61. Qh5+ Bh6 62. Bd2 Rg1+ 63. Kc2 Qxe4+ 64.
Kb2 Qf4 65. Bxf4 Rg2+ 66. Kb3 exf4 67. Qf7+ 1-0

[Event "*** Titled Tuesday Blitz"]
[Site "Chess.com"]
[Date "2021.02.09"]
[Round "6"]
[White "wonderfultime"]
[Black "bocah_sakit"]
[Result "1-0"]
[WhiteElo "2937"]
[BlackElo "2842"]
[TimeControl "180+1"]
[EndTime "11:09:52 PST"]
[Termination "wonderfultime won by checkmate"]

1. d4 Nf6 2. Nf3 g6 3. Bg5 Bg7 4. Nbd2 O-O 5. c3 d6 6. e4 c5 7. dxc5 dxc5 8. Bc4 Qc7 9. Qe2 h6 10. Bxf6 Bxf6 11. O-O Nc6 12. Qe3 Ne5 13. Nxe5 Qxe5 14. Qxh6 Qg5 15. Qxg5 Bxg5 16. Nf3 Bf4 17. h3 b6 18. Rad1 b5 19. Be2 Rb8 20. Rfe1 b4 21. Bc4 bxc3 22. bxc3 e6 23. g3 Bc7 24. h4 Ba5 25.
Re3 Rb2 26. Ne5 Kg7 27. Bb3 Ba6 28. Rd7 c4 29. Bxc4 Bc8 30. Rd1 Rd8 31. Red3 Rxd3 32.
Rxd3 Bb6 33. Rf3 f6 34. Nd3 Rc2 35. Nf4 f5 36. Nxe6+ Bxe6 37. Bxe6 fxe4 38. Rf7+ Kh8 39. Rf8+ Kg7 40. Rf7+ Kh8 41. c4 e3 42. fxe3 Bxe3+ 43.
Kf1 Rxa2 44. Bd5 Rc2 45. Rf8+ Kg7 46. Rf7+ Kh8 47. Re7 Bb6 48. Re6 Kh7 49. h5 Rc1+ 50. Kg2 gxh5 51. Rc6 Rc3 52. Bf3 Rc2+ 53. Kh3 Rc3 54.
Be4+ Kg7 55. Kh4 Bf2 56. Kxh5 Rxg3 57. Bd5 Rc3 58. Rc7+ Kh8 59. Kg6 Rg3+ 60. Kf5 Rc3 61. Rc8+ Kg7 62. Rc7+ Kh8 63. Kf6 Bd4+ 64. Ke6 Re3+ 65.
Kf5 Re5+ 66. Kg6 Rxd5 67. cxd5 Kg8 68. Rc8# 1-0

[Event "*** Titled Tuesday Blitz"]
[Site "Chess.com"]
[Date "2021.02.09"]
[Round "6"]
[White "TeukkaSalama"]
[Black "KyronGriffith"]
[Result "0-1"]
[WhiteElo "2391"]
[BlackElo "2512"]
[TimeControl "180+1"]
[EndTime "11:09:55 PST"]
[Termination "KyronGriffith won by resignation"]

1. d4 Nf6 2. Bf4 g6 3. e3 Bg7 4. Nf3 O-O 5. Be2 d6 6. h3 Nfd7 7. O-O e5 8. Bh2 Nc6 9. Nc3 h6 10. a4 f5 11. a5 a6 12. dxe5 Ndxe5 13. Nxe5 Nxe5 14. Nd5 Be6 15. c3 Bf7 16. Ra4 Kh7 17. Bf3 Nxf3+ 18. Qxf3 Qd7 19. Rb4 Qc6 20. Nf4 Qxf3 21.
gxf3 Rab8 22. Rd1 Be5 23. Nd5 Bxh2+ 24. Kxh2 Bxd5 25. Rxd5 Rf7 26. f4 Kg7 27. Kg2 Kf6 28.
Kf3 Ke6 29. Rd1 c6 30. Rg1 Kf6 31. Rd1 Rd7 32. Rbd4 Rbd8 33. c4 Ke6 34. b4 d5 35.
c5 g5 36. Rg1 Kf6 37. fxg5+ hxg5 38. h4 g4+ 39. Kf4 Re7 40. f3 Rde8 41. Rd3 gxf3 42. Kxf3 Re4 43. h5 Rxb4 44. Rh1 Rh8 45. Rd2 Rb5 46. Rg2 Rxa5 47. h6 Ra4 48. Rg7 Rxh6 49. Rxh6+ Kxg7 50. Rd6 Rb4 51. Ke2 a5 52. Kd3 Kf7 53. Kc3 Ke7 54. Rh6 Rb5 55. Kd4 a4 56. Ke5 Rxc5 57. Rh7+ Kf8 58. Kf6 Kg8 59. Rg7+ Kh8 60.
Rxb7 Rc1 61. Ra7 d4 62. exd4 f4 63. Kg6 Rg1+ 64. Kh6 Kg8 65. Rxa4 f3 66. Ra2 Rg2 67. Ra1 f2 68. Rf1 Kf7 69. Kh5 Ke6 70. Kh4 Kd5 71. Kh3 Rg8 72. Rxf2 Kxd4 73. Rd2+ Kc5 74. Rg2 Rxg2 75.
Kxg2 Kd4 76. Kf2 Kd3 77. Ke1 Kc2 78. Ke2 c5 79. Ke3 c4 80. Kd4 c3 0-1